 Dungeon Crawl Stone Soup version 0.26-a0-863-g3bff4b215c (webtiles) character file.

Game seed: 8835768496933341740

34 iamoutofideas the Firebug (level 3, -3/19 HPs)
             Began as a Deep Elf Fire Elementalist on Nov 25, 2020.
             Slain by Terence
             ... wielding a +1 vorpal mace
              (6 damage)
             ... on level 1 of the Dungeon.
             The game lasted 00:01:10 (1453 turns).

iamoutofideas the Firebug (DEFE)                    Turns: 1453, Time: 00:01:11

Health: -3/19      AC:  2    Str:  5    XL:     3   Next: 14%
Magic:  3/9        EV: 13    Int: 20    God:
Gold:   54         SH:  0    Dex: 15    Spells: 7/8 levels left

rFire    . . .     SeeInvis .   (no weapon)
rCold    . . .     Faith    .   (no shield)
rNeg     . . .     Spirit   .   a - +0 robe
rPois    .         Reflect  .   (no helmet)
rElec    .         Harm     .   (no cloak)
rCorr    .         Rampage  .   (no gloves)
MR       .....                  (no boots)
Stlth    ++........             (no amulet)
HPRegen  0.06/turn              (no ring)
MPRegen  0.11/turn              (no ring)

@: no status effects
A: no striking features
a: no special abilities


You were on level 1 of the Dungeon.
You visited 1 branch of the dungeon, and saw 2 of its levels.

You collected 54 gold pieces.

Inventory:

Hand Weapons
 f - a +1 antimagic dagger
Armour
 a - a +0 robe (worn)
Scrolls
 c - a scroll of blinking {unknown}
 d - a scroll of teleportation {unknown}
 e - 2 scrolls of fear {unknown}
 h - 2 scrolls of enchant weapon {unknown}
 i - a scroll of identify {unknown}
Potions
 b - a potion of flight {unknown}
 g - a potion of haste {unknown}


   Skills:
 + Level 2.6 Dodging
 + Level 2.4 Stealth
 + Level 3.4 Spellcasting
 + Level 1.7 Conjurations
 * Level 4.1 Fire Magic


You had 7 spell levels left.
You knew the following spells:

 Your Spells              Type           Power        Failure   Level
a - Foxfire               Conj/Fire      ###.         4%          1

Your spell library contained the following spells:

 Spells                   Type           Power        Failure   Level
 Conjure Flame            Conj/Fire      ###.....     12%         3
 Inner Flame              Hex/Fire       ##......     19%         3
 Sticky Flame             Conj/Fire      ###.....     38%         4
 Fireball                 Conj/Fire      ###.......   75%         5


Dungeon Overview and Level Annotations

Branches:
Dungeon (2/15)

Altars:

Annotations:
D:1 Terence


Message History

Terence is moderately wounded.
The foxfire hits Terence.
Terence is heavily wounded.
Terence hits you with a +1 vorpal mace!
* * * LOW HITPOINT WARNING * * *
Casting: Foxfire (safe; 4% risk of failure)
Confirm with . or Enter, or press ? or * to list all spells.
You conjure some foxfire!
The foxfire hits Terence but does no damage.
Terence is heavily wounded.
Terence hits you with a +1 vorpal mace.
* * * LOW HITPOINT WARNING * * *
x2 Your foxfire dissipates!
The foxfire hits Terence.
Terence is severely wounded.
Your magical contamination has completely faded away.
Casting: Foxfire (safe; 4% risk of failure)
Confirm with . or Enter, or press ? or * to list all spells.
You conjure some foxfire!
Terence hits you with a +1 vorpal mace.
You die...

#...# #.# #.# #.#
#...###########.#####.#####.#
............................#
#.........###.....#.#.#####.#
#.........####....#.#.# #†#
#...####.....#....#.#.# #.#
#...# #.....#.#..#.#.#####.##
#...####.........v...........#
.............>.@@v.....###..##
...###.#.....###..#.##.# #..#
##.###.......###..#.##.# #..#
..................#.##.# #..#
##.###.......###.##.##.# #..#
##.###.......'...##.##.# #..#
.............###.#####.# #..#
##.....#.##'####.# #.# ##.#
##.....#....)....# #.# #.#


You could see Terence.

Vanquished Creatures
  An adder (D:2)
  A dart slug (D:1)
  3 bats (D:1)
  2 giant cockroaches
  A goblin (D:1)
  4 hobgoblins (D:1)
  3 kobolds (D:1)
  2 ball pythons (D:1)
  3 frilled lizards (D:1)
  2 rats (D:1)
22 creatures vanquished.

Vanquished Creatures (others)
  106 foxfires
106 creatures vanquished.

Grand Total: 128 creatures vanquished

Notes
Turn   | Place    | Note
-------+----------+-------------------------------------------
     0 | D:1      | iamoutofideas the Deep Elf Fire Elementalist began the
                  | quest for the Orb.
     0 | D:1      | Reached XP level 1. HP: 10/10 MP: 6/6
   343 | D:1      | Reached XP level 2. HP: 15/15 MP: 0/8
  1225 | D:1      | Reached skill level 4 in Fire Magic
  1363 | D:2      | Noticed Terence
  1366 | D:2      | Reached XP level 3. HP: 17/19 MP: 1/9
  1453 | D:1      | Slain by Terence

Illustrated notes

Levels and vault maps discovered:
D:1:      dpeg_arrival_rooms_c, layout_basic
D:2:      layout_basic, serial_bayou_lake_a, uniq_terence

Skill      XL: |  1  2 |
---------------+-------+-----
Fire Magic     | 4 |  4.1
Dodging        | |  2.6
Stealth        | |  2.4
Spellcasting   | |  3.4
Conjurations   | |  1.7

Action                   || total
-------------------------++-------
 Cast: Foxfire           ||    77
Armor: Robe              ||     4
Dodge: Dodged            ||    12

Table legend: (Time is in decaauts)
 A = Elapsed time spent in this place.
 B = Non-inter-level travel time spent in this place.
 C = Inter-level travel time spent in this place.
 D = Time resting spent in this place.
 E = Time spent auto-exploring this place.
 F = Levels seen in this place.
 G = Mean time per level.
                   A        B        C        D        E       F      G
               +--------+--------+--------+--------+--------+-----+--------+
         Total |   1454 |   1431 |     23 |     70 |   1209 |   2 |  727.0 |
       Dungeon |   1454 |   1431 |     23 |     70 |   1209 |   2 |  727.0 |
               +--------+--------+--------+--------+--------+-----+--------+

Top non-repeatable levels by time:
     D:1: 1440 daAuts
     D:2: 14 daAuts
